 Dungeon Crawl Stone Soup version 0.28.0-49-g6dfe1f597d (webtiles) character file.

Game seed: 1205674488289988471

1866 Gabide the Chopper (level 9, 0/106 HPs)
             Began as a Human Monk on May 11, 2022.
             Slain by a water moccasin (7 damage)
             ... on level 7 of the Dungeon.
             The game lasted 00:16:13 (10017 turns).

Gabide the Chopper (Human Monk)                    Turns: 10017, Time: 00:16:13

Health: 0/106      AC: 24    Str: 15    XL:     9   Next: 35%
Magic:  9/9        EV:  2    Int: 11    God:
Gold:   194        SH:  5    Dex: 16    Spells: 8/8 levels left

rFire   . . .      SeeInvis .   e - +1 halberd
rCold   . . .      Faith    .   (shield currently unavailable)
rNeg    . . .      Spirit   .   (armour currently unavailable)
rPois   +          Reflect  +   (helmet currently unavailable)
rElec   .          Harm     .   (cloak currently unavailable)
rCorr   .          Rampage  .   (gloves currently unavailable)
Will    +....      NoTele   +   (boots currently unavailable)
Stlth   ++........              o - amulet of reflection
HPRegen 0.27/turn               f - ring of willpower
MPRegen 0.11/turn               (no ring)

@: lethally poisoned (0 -> -3), tree-form
A: stationary, stasis, torment immunity, boosted hp
a: no special abilities


You were on level 7 of the Dungeon.
You were a tree.
You visited 2 branches of the dungeon, and saw 8 of its levels.

You collected 194 gold pieces.

Inventory:

Hand Weapons
 a - a +0 hand axe
 e - a +1 halberd (weapon)
Armour
 j - a +2 cloak (melded)
 l - a +1 scale mail (melded)
Jewellery
 f - a ring of willpower (left branch)
 o - an amulet of reflection (around neck)
Wands
 d - a wand of polymorph (4)
Potions
 c - 3 potions of attraction
 g - 2 potions of magic
 h - 3 potions of mutation
 i - a potion of haste {unknown}


   Skills:
 + Level 6.7 Fighting
 + Level 6.8 Axes
 - Level 4.0 Armour
 + Level 6.7 Dodging
 - Level 3.0 Stealth


You had 8 spell levels left.
You didn't know any spells.
Your spell library contained the following spells:

 Spells                   Type           Power      Damage    Failure   Level
 Pain                     Necr           0%         1d4       34%         1
 Summon Small Mammal      Summ           0%         N/A       34%         1
 Call Canine Familiar     Summ           0%         N/A       71%         3
 Summon Guardian Golem    Hex/Summ       0%         N/A       71%         3
 Agony                    Necr           0%         N/A       100%        5
 Excruciating Wounds      Necr           0%         N/A       100%        5


Dungeon Overview and Level Annotations

Branches:
Dungeon (7/15)             Temple (1/1) D:4

Altars:
Ashenzari
Cheibriados
Dithmenos
Elyvilon
Gozag
Hepliaklqana
Makhleb
Nemelex Xobeh
Qazlal
Ru
Trog
Uskayaw
Wu Jian
Yredelemnul
Zin
The Shining One

Annotations:
D:5 1 runed translucent door, Eitelfritz's ghost, novice KoBr


Message History

The orc shouts!
The water moccasin bites you. The water moccasin bites you!
* * * LOW HITPOINT WARNING * * *
It was a potion of lignification.
You turn into a tree.
Your +2 cloak melds into your body.
Your +1 scale mail melds into your body.
Your roots penetrate the ground.
The water moccasin bites you but does no damage.
You miss the water moccasin.
The water moccasin is lightly wounded.
The water moccasin bites you but does no damage. x2
The orc warrior hits you from afar with a +0 halberd!
* * * LOW HITPOINT WARNING * * *
You closely miss the water moccasin.
The water moccasin is lightly wounded.
You block the water moccasin's attack.
The orc warrior hits you but does no damage.
The water moccasin bites you but does no damage.
You hit the water moccasin.
The water moccasin is moderately wounded.
The water moccasin bites you.
* * * LOW HITPOINT WARNING * * *
You are poisoned.
The water moccasin poisons you!
The orc warrior hits you from afar with a +0 halberd.
* * * LOW HITPOINT WARNING * * *
Okay, then.
You aren't carrying any scrolls.
You hit the water moccasin.
The water moccasin is moderately wounded.
You feel very sick.
The water moccasin bites you but does no damage.
You block the orc warrior's attack. You block the water moccasin's attack.
The orc warrior hits you but does no damage.
You miss the water moccasin.
The water moccasin is moderately wounded.
You feel sick.
The water moccasin bites you but does no damage.
The water moccasin bites you!
You die...

#. #. #.# .. #.
#.######
#.<....####
..#######........
#......♣So##.....
########### .###


You could see an orc warrior and a water moccasin.

Vanquished Creatures
  Pikel (D:5)
  Sigmund (D:2)
  A steam dragon (D:4)
  Menkaure (D:4)
  A black bear (D:5)
  2 ogres
  A centaur (D:5)
  A bullfrog (D:5)
  A howler monkey (D:3)
  2 jellies
  3 hounds
  An orc priest (D:5)
  An iguana (D:5)
  Ijyb (D:4)
  Natasha (thrice) (D:4)
  A hound skeleton (D:4)
  7 adders
  7 gnolls
  A shadow imp (D:5)
  2 white imps (D:5)
  5 dart slugs
  2 orcs
  5 endoplasms
  3 goblins
  7 hobgoblins
  7 jackals
  3 quokkas
  6 ball pythons
  9 bats
  3 frilled lizards
  3 kobolds
  7 rats
  A spectral goblin (D:1)
100 creatures vanquished.

Notes
Turn   | Place    | Note
-------+----------+-------------------------------------------
     0 | D:1      | Gabide the Human Monk began the quest for the Orb.
     0 | D:1      | Reached XP level 1. HP: 18/18 MP: 1/1
    83 | D:1      | Found a faded altar of an unknown god.
   264 | D:1      | Reached XP level 2. HP: 22/24 MP: 2/2
   651 | D:1      | Reached XP level 3. HP: 23/29 MP: 3/3
  1349 | D:2      | Noticed Sigmund
  1681 | D:2      | Reached XP level 4. HP: 19/35 MP: 4/4
  3087 | D:3      | Reached XP level 5. HP: 41/42 MP: 5/5
  4038 | D:3      | Reached skill level 1 in Armour
  4708 | D:4      | Reached XP level 6. HP: 39/48 MP: 6/6
  5077 | D:4      | Noticed Natasha
  5079 | D:4      | Noticed an ogre
  5610 | D:4      | Killed Natasha
  5698 | D:4      | Killed an ogre
  5699 | D:4      | Reached XP level 7. HP: 55/55 MP: 7/7
  5813 | D:4      | Noticed Menkaure
  6025 | D:4      | Killed Menkaure
  6074 | D:4      | Found a staircase to the Ecumenical Temple.
  6084 | Temple   | Entered the Ecumenical Temple
  6357 | D:4      | Noticed Ijyb
  6475 | D:4      | Killed Ijyb
  6634 | D:4      | Noticed Natasha
  6650 | D:4      | Killed Natasha
  6919 | D:4      | Noticed a steam dragon
  6926 | D:4      | Killed a steam dragon
  6927 | D:4      | Reached XP level 8. HP: 33/61 MP: 8/8
  7178 | D:4      | Noticed Natasha
  7194 | D:4      | Killed Natasha
  7195 | D:4      | Reached skill level 5 in Axes
  7472 | D:5      | Entered Level 5 of the Dungeon
  7481 | D:5      | Noticed Pikel
  7517 | D:5      | Killed Pikel
  7518 | D:5      | Reached skill level 5 in Fighting
  7518 | D:5      | Reached skill level 5 in Dodging
  7878 | D:5      | Reached XP level 9. HP: 54/69 MP: 9/9
  8063 | D:2      | Killed Sigmund
  8741 | D:5      | Found a runed translucent door.
  8744 | D:5      | Noticed Eitelfritz's ghost (novice KoBr)
  9143 | D:5      | Found a shadowy altar of Dithmenos.
  9162 | D:5      | Noticed a troll
  9407 | D:5      | Found a sparkling altar of Nemelex Xobeh.
  9999 | D:6      | Identified the +9 hunting sling of Qyocyes {venom, +Blink
                  | rN+++ Will+ Str-4 Int-2}
 10017 | D:7      | Slain by a water moccasin

Illustrated notes

Levels and vault maps discovered:
D:1:      matt_arrival_los_fun, layout_basic,
          dreamdust_ecumenical_altar_drowned_temple
D:2:      layout_loops_ring, nrook_mini_vaults, uniq_sigmund
D:3:      layout_loops_corners
D:4:      layout_basic, temple_green, bh_walls_and_bars, uniq_menkaure,
          uniq_ijyb, uniq_natasha
D:5:      layout_basic, nicolae_overflow_crystal_walls, grunt_dithmenos_shadows,
          ebering_ghost_sewer_d, uniq_pikel
D:6:      layout_basic, hangedman_decor_push, uniq_maggie
D:7:      layout_loops_ring, uniq_duvessa
Temple:   minmay_temple_curvy_branch

Skill      XL: |  1  2  3  4  5  6  7  8 |
---------------+-------------------------+-----
Stealth        | 3 |  3.0
Armour         | 1 3 4 |  4.0
Fighting       | 4 6 |  6.7
Dodging        | 4 6 |  6.7
Axes           | 4 6 |  6.8

Action                   |  1- 3 |  4- 6 |  7- 9 || total
-------------------------+-------+-------+-------++-------
Melee: Hand axe          |   124 |   224 |   169 ||   517
       Punch             |       |     3 |     2 ||     5
       Halberd           |       |       |   125 ||   125
       Unarmed           |       |       |     8 ||     8
Throw: Throwing net      |       |     1 |       ||     1
Evoke: Wand              |       |     2 |     3 ||     5
  Use: Potion            |       |     4 |     3 ||     7
       Scroll            |       |     6 |     3 ||     9
 Stab: Sleeping          |     7 |     1 |       ||     8
Armor: Robe              |    42 |    30 |       ||    72
       Scale mail        |       |    38 |   101 ||   139
       Skin              |       |       |     8 ||     8
Dodge: Dodged            |   105 |   120 |   128 ||   353
Block: Other             |       |    32 |    68 ||   100
       Reflection        |       |       |     2 ||     2
